 Dungeon Sprint DCSS version 0.30-a0-219-gf2db51d15e (webtiles) character file.

Game seed: 17236797587056566747

23 rocky1 the Ruffian (level 2, -4/23 HPs)
             Began as a Draconian Transmuter on Oct 8, 2022.
             Was a Believer of Sif Muna.
             Slain by Menkaure (21 damage)
             ... in the Dungeon (Sprint VII: "The Pits").
             The game lasted 00:00:49 (178 turns).

rocky1 the Ruffian (Draconian Transmuter)            Turns: 178, Time: 00:00:49

Health: -4/23      AC:  4    Str: 12    XL:     2   Next: 75%
Magic:  4/5        EV: 12    Int: 13    God:    Sif Muna [**....]
Gold:   0          SH:  0    Dex: 11    Spells: 5/6 levels left

rFire   . . .      SeeInvis .      - Unarmed
rCold   . . .      Faith    .    (no shield)
rNeg    . . .      Spirit   .    (body armour unavailable)
rPois   .          Reflect  .    (helmet currently unavailable)
rElec   .          Harm     .    (no cloak)
rCorr   .          Rampage  .    (no gloves)
Will    .....      NoTele   +    (boots currently unavailable)
Stlth   +.........               (no amulet)
HPRegen 0.23/turn                (no ring)
MPRegen 0.09/turn                (no ring)

@: appendages
A: horns 2, talons 2, AC +4, unfitting armour, cold-blooded
a: End Transformation, Renounce Religion, Channel Magic


You were in the Dungeon.
You worshipped Sif Muna.
Sif Muna was pleased with you.
You had temporarily grown beastly horns and talons.
You visited 1 branch

Inventory:

Scrolls
 g - a scroll of blinking
 i - 5 scrolls of amnesia
 j - a scroll of summoning
Potions
 a - a potion of lignification
 b - 6 potions of curing
 c - 6 potions of heal wounds
 d - a potion of haste
 e - 4 potions of magic
 f - 3 potions of berserk rage
 h - 2 potions of invisibility


   Skills:
 + Level 1.1 Fighting
 + Level 2.4 Dodging
 + Level 5.3 Unarmed Combat
 + Level 2.6 Spellcasting
 + Level 2.8 Transmutations


You had 5 spell levels left.
You knew the following spells:

 Your Spells              Type           Power      Damage    Failure   Level
a - Beastly Appendage     Tmut           18%        N/A       8%          1

Your spell library contained the following spells:

 Spells                   Type           Power      Damage    Failure   Level
 Wereblood                Tmut           9%         N/A       11%         2
 Spider Form              Tmut/Pois      5%         N/A       36%         3
 Ice Form                 Ice/Tmut       5%         N/A       78%         4


Dungeon Overview and Level Annotations

Branches:
Dungeon (1/1)

Altars:
Ashenzari
Cheibriados
Dithmenos
Elyvilon
Fedhas
Gozag
Hepliaklqana
Kikubaaqudgha
Makhleb
Nemelex Xobeh
Okawaru
Qazlal
Ru
Sif Muna
Trog
Uskayaw
Vehumet
Wu Jian
Xom
Yredelemnul
Zin
The Shining One
Jiyva
Lugonu

Annotations:
D Ijyb, Menkaure


Innate Abilities, Weirdness & Mutations

You have temporarily grown beastly horns and talons.
Your plain brown scales are hard. (AC +4)
You cannot fit into any form of body armour.
You are cold-blooded and may be slowed by cold attacks.


Message History

Your horns disappear.
Your talons disappear.
c - 6 potions of heal wounds (gained 5)
b - 6 potions of curing (gained 5)
You see here a +0 quarterstaff of speed.
You see here a +0 flail of protection.
You see here a +0 vorpal trident.
You see here a +2 dagger of venom.
You see here a +2 plate armour.
You see here a +3 ring mail.
You see here a +0 long sword of flaming.
You see here a +0 vorpal hand axe.
You see here a +0 quarterstaff of speed.
There is an open door here.
Magic restored.
There is an open door here.
There is an open door here.
Things that are here:
a +0 dagger; a goblin corpse
There is an open door here.
As you open the door, it creaks loudly!
There is an open door here.
You open the door.
An iron imp comes into view.
The iron imp shouts!
A warg comes into view.
Menkaure and Ijyb come into view.
Ijyb is wielding a +4 dagger of electrocution and carrying a wand of polymorph (5).
Ijyb moves out of view.
There is an open door here.
An iron imp comes into view.
Unknown command.
Menkaure points at you and mumbles some strange words.
Pain shoots through your body!
The warg howls!
Casting: Beastly Appendage (safe; 8% risk of failure)
Confirm with . or Enter, or press ? or * to list all spells.
You grow a pair of large bovine horns.
Your feet morph into talons.
Menkaure hits you!!
Ouch! That really hurt!
You die...

##########.##.....
#..........)'.....
#'#####'#####.....
#.#...#.#[[##.....
#.#...#.#))#####'#
#.#...).#))##.....
#.##'####))##.....
#.#.....#..##.....
#@#.....#'###...<.
#M#........##.....
#5#........##.....
#h###########.....
#.....M.# ######
#...#...# #...# .#
#.##5 #.. #5


You could see a warg, Menkaure and an iron imp.

Vanquished Creatures
  An adder (D)
  An ufetubus (D)
  2 ball pythons (D)
  A bat (D)
  2 goblins (D)
  2 hobgoblins (D)
9 creatures vanquished.

Notes
Turn   | Place    | Note
-------+----------+-------------------------------------------
     0 | D        | rocky1 the Draconian Transmuter began the quest for the
                  | Orb.
     0 | D        | Reached XP level 1. HP: 16/16 MP: 3/3
    21 | D        | Found a bloodstained altar of Trog.
    21 | D        | Found a shimmering blue altar of Sif Muna.
    21 | D        | Found a viscous altar of Jiyva.
    21 | D        | Found a hazy altar of Hepliaklqana.
    21 | D        | Found an opulent altar of Gozag.
    22 | D        | Found a glowing golden altar of the Shining One.
    22 | D        | Found a glowing silver altar of Zin.
    22 | D        | Found a basalt altar of Yredelemnul.
    22 | D        | Found a shimmering altar of Xom.
    22 | D        | Found an ornate altar of the Wu Jian Council.
    22 | D        | Found a sacrificial altar of Ru.
    22 | D        | Found a stormy altar of Qazlal.
    22 | D        | Found an iron altar of Okawaru.
    22 | D        | Found a sparkling altar of Nemelex Xobeh.
    22 | D        | Found a burning altar of Makhleb.
    22 | D        | Found a blossoming altar of Fedhas.
    22 | D        | Found a white marble altar of Elyvilon.
    22 | D        | Found a shadowy altar of Dithmenos.
    22 | D        | Found a snail-covered altar of Cheibriados.
    26 | D        | Found a corrupted altar of Lugonu.
    26 | D        | Found a radiant altar of Vehumet.
    27 | D        | Found a broken altar of Ashenzari.
    27 | D        | Found an ancient bone altar of Kikubaaqudgha.
    27 | D        | Found a hide-covered altar of Uskayaw.
    41 | D        | Became a worshipper of Sif Muna the Loreminder
    87 | D        | Reached * piety under Sif Muna
    88 | D        | Reached skill level 4 in Unarmed Combat
   109 | D        | Reached XP level 2. HP: 22/23 MP: 2/5
   110 | D        | Reached ** piety under Sif Muna
   112 | D        | Reached skill level 5 in Unarmed Combat
   166 | D        | Noticed a warg
   167 | D        | Noticed Menkaure
   167 | D        | Noticed Ijyb
   178 | D        | Slain by Menkaure

Illustrated notes

Levels and vault maps discovered:
D:        pitsprint [storerooms_1, entrance_room_1, metal_vault_5, armoury_3,
          mini_pit_1, grid_room_1, main_hall_1, silver_pit, the_coven_3,
          the_vestibule_1, steel_vault_2, golden_pit, hallway_of_sentries,
          crystal_vault_1, iron_vault_1, final_vault]

Skill      XL: |  1  2 |
---------------+-------+-----
Dodging        | 2 |  2.4
Unarmed Combat | 4 5 |  5.3
Fighting       | |  1.1
Spellcasting   | |  2.6
Transmutations | |  2.8

Action                   || total
-------------------------++-------
Melee: Unarmed           ||    23
       Tailslap          ||     2
       Headbutt          ||     4
       Kick              ||     1
       Punch             ||     1
 Cast: Beastly Appendage ||     2
Armor: Skin              ||     4
Dodge: Dodged            ||    24

Table legend: (Time is in decaauts)
 A = Elapsed time spent in this place.
 B = Non-inter-level travel time spent in this place.
 C = Inter-level travel time spent in this place.
 D = Time resting spent in this place.
 E = Time spent auto-exploring this place.
 F = Levels seen in this place.
 G = Mean time per level.
                   A        B        C        D        E       F      G
               +--------+--------+--------+--------+--------+-----+--------+
         Total |    176 |    156 |     20 |      6 |      0 |   1 |  176.0 |
       Dungeon |    176 |    156 |     20 |      6 |      0 |   1 |  176.0 |
               +--------+--------+--------+--------+--------+-----+--------+

Top non-repeatable levels by time:
       D: 176 daAuts
